 Dungeon Sprint DCSS version 0.18-a0-20-gaede791 (webtiles) character file.

352 Hedron the Basher (level 6, -1/37 HPs)
             Began as a Gargoyle Fighter on Feb 25, 2015.
             Was an Initiate of Okawaru.
             Slain by Sonja
             ... wielding a +0 dagger of distortion
              (11 damage)
             ... in the Dungeon (Sprint I: "Red Sonja") on Nov 2, 2015.
             The game lasted 00:03:32 (447 turns).

Hedron the Basher (Gargoyle Fighter)                 Turns: 447, Time: 00:03:32

Health: -1/37      AC: 17    Str: 22    XL:     6   Next: 61%
Magic:  6/6        EV:  5    Int:  8    God:    Okawaru [......]
Gold:   73         SH:  9    Dex:  9    Spells: 0 memorised, 5 levels left

rFire  . . .     SeeInvis .     b - +2 whip (drain)
rCold  + . .     Clarity  .     o - +4 chain mail {rC+}
rNeg   + . .     SustAt   .     c - +0 shield
rPois  ∞         Gourm    .     (no helmet)
rElec  +         Spirit   .     (no cloak)
rCorr  .         Warding  .     (no gloves)
rMut   .         NoTele   +     (no boots)
MR     .....                    (no amulet)
Stlth  ..........               (no ring)
                                (no ring)

@: not resistant to hostile enchantments, extremely unstealthy
A: negative energy resistance 1, electricity resistance, unbreathing,
petrification resistance, rot immunity, AC +4
a: Renounce Religion


You were in the Dungeon.
You worshipped Okawaru.
Okawaru was noncommittal.
You were not hungry.

You visited 1 branch You collected 297 gold pieces.
You spent 224 gold pieces at shops.

Inventory:

Hand Weapons
 b - a +2 whip of draining (weapon)
Armour
 c - a +0 shield (worn)
 o - a +4 chain mail of cold resistance (worn)
Scrolls
 k - a scroll of blinking
Potions
 f - a potion of curing
 g - a potion of heal wounds
 h - 2 potions of haste
 i - 2 potions of magic
 j - a potion of berserk rage
 l - a potion of mutation
Comestibles
 d - a bread ration
 m - 3 chunks of flesh
 n - 2 meat rations


   Skills:
 - Level 3.2 Fighting
 - Level 13.2 Maces & Flails
 + Level 3.2 Armour
 - Level 3.2 Shields


You had 5 spell levels left.
You didn't know any spells.

Dungeon Overview and Level Annotations

Branches:
Dungeon (1/1)

Altars:
Elyvilon
Gozag
Kikubaaqudgha
Makhleb
Nemelex Xobeh
Okawaru
Qazlal
Ru
Sif Muna
Trog
Vehumet
Xom
Yredelemnul
Zin
The Shining One

Shops:
D *

Annotations:
D Sonja


Innate Abilities, Weirdness & Mutations

You are resistant to torment.
Your stone body is resilient (AC +4).
You are immune to poison.
You resist negative energy.
You are resistant to electric shocks.
You can survive without breathing.
You are immune to petrification.
You are immune to rotting.


Message History

You see here 2 curare-tipped needles.
You see here a curare-tipped needle.
You see here 2 curare-tipped needles.
There's something blocking the doorway.
You start resting.
You feel a little less mighty now.
You start resting.
Some of the chunks of flesh in your inventory have rotted away. x2
There is an open door, spattered with blood here.
You see here a curare-tipped needle.
You see here a curare-tipped needle.
You start resting.
There is an open door, spattered with blood here.
You see here a curare-tipped needle.
You completely miss Sonja.
Sonja is moderately wounded.
Sonja hits you but does no damage. Space bends around you.
* * * LOW HITPOINT WARNING * * *
Sonja hits you but does no damage. Space warps horribly around you!
You die...

#<.#..)..#..'..#
#..'..#..').#..+
#..#####'#####'#
#..####..#...#.#
#..#__####..##.#
#..#_..__##'#..+
#⌠⌠#_.K)..'(.._#
####_..._##K(#'#
#_____###@#.#
#########(###
+$.$+ #$.$#
##.## #+#


You could see Sonja.

Vanquished Creatures
  A yak (D)
  An ogre (D)
  Sigmund (D)
  A jelly (D)
  Ijyb (D)
5 creatures vanquished.

Notes
Turn   | Place    | Note
--------------------------------------------------------------
     0 | D        | Hedron, the Gargoyle Fighter, began the quest for the Orb.
     0 | D        | Reached XP level 1. HP: 14/14 MP: 1/1
     1 | D        | Noticed Ijyb
    15 | D        | Killed Ijyb
    15 | D        | Reached skill level 5 in Maces & Flails
    15 | D        | Reached XP level 2. HP: 9/19 MP: 2/2
   175 | D        | Noticed an ogre
   180 | D        | Killed an ogre
   180 | D        | Reached skill level 9 in Maces & Flails
   180 | D        | Reached XP level 3. HP: 23/23 MP: 3/3
   180 | D        | Reached XP level 4. HP: 28/28 MP: 4/4
   193 | D        | Noticed Sigmund
   204 | D        | Killed Sigmund
   204 | D        | Reached skill level 10 in Maces & Flails
   204 | D        | Reached XP level 5. HP: 30/32 MP: 5/5
   234 | D        | Found a deep blue altar of Sif Muna.
   235 | D        | Noticed a jelly
   236 | D        | Found a radiant altar of Vehumet.
   239 | D        | Killed a jelly
   239 | D        | Reached skill level 11 in Maces & Flails
   270 | D        | Found Twoyrram's Assorted Antiques.
   270 | D        | Found a white marble altar of Elyvilon.
   270 | D        | Found a stormy altar of Qazlal.
   270 | D        | Found a burning altar of Makhleb.
   270 | D        | Found a sacrificial altar of Ru.
   270 | D        | Found a basalt altar of Yredelemnul.
   270 | D        | Found a glowing golden altar of the Shining One.
   270 | D        | Found a sparkling altar of Nemelex Xobeh.
   270 | D        | Found a shimmering altar of Xom.
   270 | D        | Found an opulent altar of Gozag.
   270 | D        | Found an ancient bone altar of Kikubaaqudgha.
   270 | D        | Found a glowing silver altar of Zin.
   270 | D        | Noticed a yak
   275 | D        | Killed a yak
   275 | D        | Reached skill level 13 in Maces & Flails
   275 | D        | Reached XP level 6. HP: 32/37 MP: 6/6
   276 | D        | Found an iron altar of Okawaru.
   279 | D        | Found a bloodstained altar of Trog.
   319 | D        | Became a worshipper of Warmaster Okawaru
   322 | D        | Bought a scroll labeled TOXIL DENN for 25 gold pieces
   323 | D        | Bought a glowing chain mail for 112 gold pieces
   336 | D        | Bought a glowing whip for 62 gold pieces
   340 | D        | Upgraded the game from 0.16-a0-4097-gb4d75fa to 0.18-a0-20-gaede791
   340 | D        | Bought a scroll labeled JOSUMM DEITWOZ for 25 gold pieces
   348 | D        | Noticed Sonja
   364 | D        | HP: 1/37 [Sonja/uncursed dagger of distortion (5)]
   447 | D        | Slain by Sonja

Vault maps used:
D:        dungeon_sprint_1

Action                   |  1- 3 |  4- 6 || total
-------------------------+-------+-------++-------
Melee: Flail             |    17 |    17 ||    34
       Whip              |       |     7 ||     7
  Use: Scroll            |       |     2 ||     2
       Potion            |       |     1 ||     1
